 Dungeon Crawl Stone Soup version 0.26-a0-1222-g14533b3512 (webtiles) character file.

Game seed: 5047983112697019751

3193 wythoutpain the Cleaver (level 9, -9/81 HPs)
             Began as a Minotaur Berserker on Jan 1, 2021.
             Was a High Priest of Trog.
             Mangled by Gastronok (30 damage)
             ... on level 8 of the Dungeon.
             The game lasted 00:25:45 (8412 turns).

wythoutpain the Cleaver (Minotaur Berserker)        Turns: 8412, Time: 00:25:46

Health: -9/81      AC:  7    Str: 24    XL:     9   Next: 64%
Magic:  8/8        EV: 12    Int:  4    God:    Trog [*****.]
Gold:   467        SH: 10    Dex: 11    Spells: 8/8 levels left

rFire    + . .     SeeInvis .   e - +0 war axe
rCold    x . .     Faith    .   t - +0 kite shield
rNeg     . . .     Spirit   .   b - +1 animal skin
rPois    .         Reflect  .   (helmet restricted)
rElec    .         Harm     .   s - +1 cloak
rCorr    +         Rampage  .   E - +1 pair of gloves
Will     .....                  (no boots)
Stlth    ++........             o - amulet of regeneration
HPRegen  0.63/turn              z - ring of resist corrosion
MPRegen  0.11/turn              A - ring of fire

@: slowed, very slow
A: retaliatory headbutt, horns 2
a: Renounce Religion, Berserk, Trog's Hand, Brothers in Arms


You were on level 8 of the Dungeon.
You worshipped Trog.
Trog was extremely pleased with you.
You visited 2 branches of the dungeon, and saw 9 of its levels.
You also visited: Sewer and Ossuary.

You collected 467 gold pieces.

Inventory:

Hand Weapons
 e - a +0 war axe (weapon)
 k - a +0 hunting sling
 F - a +1 dagger of draining
 I - a +1 flail
Missiles
 f - 52 sling bullets
 u - 7 boomerangs (quivered)
 C - 19 poisoned darts
Armour
 b - a +1 animal skin (worn)
 s - a +1 cloak (worn)
 t - a +0 kite shield (worn)
 y - a +0 ring mail
 E - a +1 pair of gloves (worn)
Jewellery
 n - an uncursed amulet of magic regeneration
 o - an amulet of regeneration (around neck)
 z - a ring of resist corrosion (left hand)
 A - a ring of fire (right hand)
Wands
 a - a wand of disintegration (33)
 h - a wand of flame (3)
 i - a wand of paralysis (5)
Scrolls
 g - 6 scrolls of teleportation
 m - 6 scrolls of remove curse
 x - 3 scrolls of enchant weapon
 B - a scroll of blinking
 G - a scroll of identify
Potions
 c - 4 potions of berserk rage
 d - 3 potions of attraction
 j - a potion of resistance {unknown}
 l - 13 potions of curing
 p - 2 potions of mutation
 q - 3 potions of might
 r - 2 potions of lignification {unknown}
 v - 11 potions of heal wounds
 w - 7 potions of flight
 D - 2 potions of ambrosia


   Skills:
 + Level 7.9 Fighting
 + Level 11.5 Axes
 + Level 2.7 Armour
 + Level 6.0 Dodging
 + Level 3.4 Stealth
 + Level 5.1 Shields


You had 8 spell levels left.
You didn't know any spells.
Your spell library was empty.

Dungeon Overview and Level Annotations

Branches:
Dungeon (8/15)             Temple (1/1) D:5           Sewer (visited)
Ossuary (visited)
   Lair: D:8-11

Altars:
Ashenzari
Cheibriados
Dithmenos
Elyvilon
Fedhas
Gozag
Hepliaklqana
Kikubaaqudgha
Makhleb
Nemelex Xobeh
Qazlal
Ru
Sif Muna
Trog
Uskayaw
Vehumet
Wu Jian
Xom
Yredelemnul
Zin
The Shining One

Shops:
D:4 !   D:5 *

Annotations:
D:8 1 transporter, Gastronok; HilariousDeathArtist's ghost, novice PaCK


Innate Abilities, Weirdness & Mutations

You reflexively headbutt those who attack you in melee.
You have a pair of horns on your head.


Message History

You hit Gastronok but do no damage.
Gastronok is heavily wounded.
You barely miss the rat. You block the rat's attack. Gastronok bites you!!
You slash Gastronok! You headbutt Gastronok.
Gastronok is severely wounded.
You closely miss the rat.
The rat bites you but does no damage. x2
Gastronok bites you!
* * * LOW HITPOINT WARNING * * *
You hit Gastronok.
Gastronok is severely wounded.
You hit the rat.
You kill the rat!
The rat's corpse disappears in a puff of smoke!
An orc comes into view. It is wielding a -3 hand axe.
The orc shouts!
You hit Gastronok.
Gastronok is severely wounded.
Gastronok gurgles, "A snack!
A snack!"
Gastronok bites you!!
You die...

#..##.##......#.#.##.#
W.#...#.........#.#.##.#
_.....#.........#.#.##.####
($##..#...................#
###.# ####.........#.####.##.#
##.=..# #..#####..........# # .
...... ##.....##...#########.
..###...###......w..............
...#####.o.....@##...).........
#...©........(.##..........###
###...#.#####.###......#......
#.......# #.# #......#......
#####.#######.###.......#.####
##### #.....).......).......#
....#####...###.###.........#
................# #..#...#......
....#####...##### #.......######


You could see Gastronok (swift) and an orc.

Vanquished Creatures
  Prince Ribbit (D:5)
  2 wraiths (Ossuary)
  A water moccasin (D:7)
  2 phantoms
  A sky beast (D:6)
  A necrophage (D:6)
  5 ogres
  2 centaurs
  3 big kobolds
  3 bullfrogs
  A scorpion (D:6)
  2 wights (Ossuary)
  A bullfrog zombie (D:5)
  A jelly (D:5)
  A hound (D:7)
  2 orc priests
  2 centaur skeletons
  8 orc wizards
  3 iguanas
  Natasha (thrice) (D:2)
  5 worker ants
  A killer bee zombie (D:7)
  A hound zombie (D:5)
  A worker ant zombie (D:7)
  14 adders
  5 river rats (Sewer)
  3 shadow imps
  An ufetubus (D:7)
  An ooze (D:1)
  An adder zombie (Ossuary)
  An adder skeleton (D:7)
  3 worms
  2 dart slugs
  5 leopard geckos
  24 orcs
  2 giant cockroaches
  7 goblins
  10 hobgoblins
  9 jackals
  A quokka (D:8)
  9 ball pythons
  A ball python skeleton (Ossuary)
  5 bats
  8 frilled lizards
  2 hobgoblin skeletons (Ossuary)
  27 kobolds
  2 kobold zombies (Ossuary)
  A leopard gecko skeleton (D:6)
  2 orc skeletons (Ossuary)
  2 orc zombies (Ossuary)
  A quokka skeleton (D:5)
  32 rats
234 creatures vanquished.

Notes
Turn   | Place    | Note
-------+----------+-------------------------------------------
     0 | D:1      | wythoutpain the Minotaur Berserker began the quest for the
                  | Orb.
     0 | D:1      | Reached XP level 1. HP: 19/19 MP: 0/0
   281 | D:1      | Reached skill level 4 in Axes
   281 | D:1      | Reached XP level 2. HP: 27/27 MP: 1/1
  1167 | D:2      | Reached ** piety under Trog
  1220 | D:2      | Reached XP level 3. HP: 31/34 MP: 2/2
  1276 | D:2      | Noticed Natasha
  1281 | D:2      | Killed Natasha
  1303 | D:2      | Noticed Natasha
  1317 | D:2      | Killed Natasha
  1318 | D:2      | Reached XP level 4. HP: 9/41 MP: 3/3
  1518 | D:2      | Noticed Natasha
  1524 | D:2      | Killed Natasha
  1525 | D:2      | Reached skill level 5 in Fighting
  1627 | D:2      | Reached skill level 5 in Axes
  2234 | D:2      | Found a faded altar of an unknown god.
  2333 | D:2      | Reached XP level 5. HP: 47/48 MP: 4/4
  2695 | D:3      | Reached skill level 6 in Axes
  3046 | D:3      | Reached *** piety under Trog
  3327 | D:4      | Reached XP level 6. HP: 49/56 MP: 5/5
  3537 | D:4      | Found a glowing drain.
  3541 | Sewer    | Entered a sewer
  3707 | Sewer    | Reached skill level 7 in Axes
  3801 | Sewer    | Reached **** piety under Trog
  3889 | Sewer    | Reached XP level 7. HP: 54/62 MP: 6/6
  4416 | D:4      | Found Qitiwell's Distillery.
  4422 | D:4      | Reached skill level 1 in Shields
  4639 | D:5      | Entered Level 5 of the Dungeon
  4645 | D:5      | Reached skill level 1 in Stealth
  4703 | D:5      | Found a shimmering blue altar of Sif Muna.
  4741 | D:5      | Reached skill level 8 in Axes
  4832 | D:5      | Found a staircase to the Ecumenical Temple.
  5030 | D:5      | Found a blossoming altar of Fedhas.
  5071 | D:5      | Found Yrolurui's Assorted Antiques.
  5280 | D:5      | Reached XP level 8. HP: 54/71 MP: 7/7
  5363 | D:5      | Found a basalt altar of Yredelemnul.
  5377 | D:5      | Reached skill level 9 in Axes
  5418 | D:5      | Found a burning altar of Makhleb.
  5419 | D:5      | Noticed Prince Ribbit
  5491 | Temple   | Entered the Ecumenical Temple
  6703 | D:5      | Killed Prince Ribbit
  6704 | D:5      | Reached skill level 10 in Axes
  6704 | D:5      | Reached skill level 5 in Dodging
  7084 | D:7      | Reached XP level 9. HP: 77/79 MP: 8/8
  7350 | D:8      | Found a sand-covered staircase.
  7415 | Ossuary  | Entered an ossuary
  7480 | Ossuary  | Reached skill level 11 in Axes
  7544 | Ossuary  | Reached ***** piety under Trog
  8144 | D:8      | Found a transporter.
  8285 | D:8      | Noticed Gastronok
  8292 | D:8      | Found a bloodstained altar of Trog.
  8294 | D:8      | Noticed HilariousDeathArtist's ghost (novice PaCK)
  8392 | D:8      | Reached skill level 5 in Shields
  8412 | D:8      | Mangled by Gastronok

Illustrated notes

Levels and vault maps discovered:
D:1:      eino_arrival_water_cross, layout_basic
D:2:      layout_basic, chequers_ecumenical_altar_island, chequers_arboretum,
          grunt_ministairs_15, minmay_lizard_pond, uniq_natasha
D:3:      layout_basic
D:4:      layout_basic, serial_shops, shop, gup_sewer_entry_spiral,
          hangedman_decor_diamond_cutter
D:5:      layout_loops_ring, old_standard_altar, nicolae_overflow_hidden_temple,
          minmay_temple_entry_grid, serial_shops, nicolae_shop_behind_doors,
          basic_altar, uniq_prince_ribbit1
D:6:      layout_layer_cave
D:7:      layout_basic
D:8:      layout_basic, okawaru_humans, gammafunk_ghost_wrathful_warriors,
          nicolae_ossuary_entry_false_entrances, uniq_gastronok
Temple:   nicolae_temple_no_exploring_needed

Skill      XL: |  1  2  3  4  5  6  7  8  9 |
---------------+----------------------------+-----
Axes           | 4 5 6 7 8 10 11 | 11.5
Fighting       | 4 5 6 7 |  7.9
Dodging        | 3 4 5 6 |  6.0
Shields        | 2 3 5 |  5.1
Stealth        | 1 2 3 |  3.4
Armour         | |  2.7

Action                   |  1- 3 |  4- 6 |  7- 9 || total
-------------------------+-------+-------+-------++-------
Melee: Hand axe          |    61 |    77 |       ||   138
       Headbutt          |     5 |    24 |    57 ||    86
       War axe           |       |    89 |   303 ||   392
Throw: Boomerang         |       |       |     3 ||     3
Invok: Berserk           |       |     2 |     1 ||     3
       Trog's Hand       |       |     1 |       ||     1
  Use: Scroll            |     9 |     4 |     6 ||    19
 Stab: Sleeping          |       |       |     9 ||     9
Armor: Animal skin       |     7 |    42 |    49 ||    98
Dodge: Dodged            |    41 |   114 |   108 ||   263
Block: Kite shield       |       |    36 |   129 ||   165

Table legend: (Time is in decaauts)
 A = Elapsed time spent in this place.
 B = Non-inter-level travel time spent in this place.
 C = Inter-level travel time spent in this place.
 D = Time resting spent in this place.
 E = Time spent auto-exploring this place.
 F = Levels seen in this place.
 G = Mean time per level.
                   A        B        C        D        E       F      G
               +--------+--------+--------+--------+--------+-----+--------+
         Total |   8592 |   8175 |    417 |    943 |   5711 |  11 |  781.1 |
       Dungeon |   7669 |   7252 |    417 |    943 |   5092 |   8 |  958.6 |
        Temple |      1 |      1 |      0 |      0 |      0 |   1 |    1.0 |
         Sewer |    618 |    618 |      0 |      0 |    431 |   1 |  618.0 |
       Ossuary |    302 |    302 |      0 |      0 |    188 |   1 |  302.0 |
               +--------+--------+--------+--------+--------+-----+--------+

Top non-repeatable levels by time:
     D:2: 1303 daAuts
     D:6: 1214 daAuts
     D:1: 1131 daAuts
     D:4: 921 daAuts
     D:5: 919 daAuts
     D:8: 799 daAuts
     D:3: 795 daAuts
   Sewer: 618 daAuts
     D:7: 584 daAuts
 Ossuary: 302 daAuts
  Temple: 1 daAuts
